| TOP OF THE 1ST |
|
Florida State University Seminoles batting - Pitching for University of Minnesota Golden Gophers : RHP Getachew El Sayed
|
|
Pitching: RHP Getachew El Sayed
|
|
|
Batting: RHB Paul Holland
|
0-0: Ball 1-0: Called Strike 1-1: Ball 2-1: Ground out 5-3 (Groundball, 56, EV 99.4 MPH)
|
|
Batting: LHB Raul Maldonado
|
0-0: Ground out 4-3 (Groundball, 4, EV 81.9 MPH)
|
|
Batting: RHB Lupe Barrera
|
0-0: Ball 1-0: Ball 2-0: Foul Ball, location: 2F 2-1: Foul Ball, location: 2F 2-2: Foul Ball, location: 2F 2-2: Ball 3-2: Foul Ball, location: 2F 3-2: Base on Balls
|
|
Batting: RHB Rafael Gil
|
0-0: Ball 1-0: Foul Ball, location: 2F 1-1: Ball 2-1: Swinging Strike 2-2: Fly out, F7 (Flyball, 7S, EV 91.9 MPH)
|
| Top of the 1st over - 0 runs, 0 hits, 0 errors, 1 left on base; Florida State University 0 - University of Minnesota 0 |
| BOTTOM OF THE 1ST |
|
University of Minnesota Golden Gophers batting - Pitching for Florida State University Seminoles : RHP Heraclio Sosa
|
|
Pitching: RHP Heraclio Sosa
|
|
|
Batting: LHB Yomas Rodriguez
|
0-0: Fly out, F7 (Flyball, 7, EV 86.9 MPH)
|
|
Batting: RHB Eric Tesler
|
0-0: Ground out 5-3 (Groundball, 56, EV 77.5 MPH)
|
|
Batting: LHB Shohei Nishi
|
0-0: Called Strike 0-1: Ball 1-1: Ground out 4-3 (Groundball, 4, EV 96.2 MPH)
|
| Bottom of the 1st over - 0 runs, 0 hits, 0 errors, 0 left on base; Florida State University 0 - University of Minnesota 0 |
| TOP OF THE 2ND |
|
Florida State University Seminoles batting - Pitching for University of Minnesota Golden Gophers : RHP Getachew El Sayed
|
|
Batting: RHB Brad Brady
|
0-0: Ball 1-0: Called Strike 1-1: Ball 2-1: Ball 3-1: Base on Balls
|
|
Batting: SHB Ed Mosqueda
|
0-0: Called Strike 0-1: DOUBLE (Line Drive, 89M, EV 101.2 MPH) Brad Brady to third
|
|
Batting: RHB Jeremy Buck
|
0-0: Called Strike 0-1: Foul Ball, location: 2F 0-2: Strikes out swinging
|
|
Batting: SHB Alex Noval
|
0-0: Called Strike 0-1: Ground out 5-3 (Groundball, 56, EV 86.9 MPH) Brad Brady scores
|
|
Batting: RHB Bob Buckler
|
0-0: Called Strike 0-1: Ball 1-1: Called Strike 1-2: Ball 2-2: Foul Ball, location: 2F 2-2: Ball 3-2: Fly out, F9 (Flyball, 9LD, EV 87.5 MPH)
|
| Top of the 2nd over - 1 run, 1 hit, 0 errors, 1 left on base; Florida State University 1 - University of Minnesota 0 |
| BOTTOM OF THE 2ND |
|
University of Minnesota Golden Gophers batting - Pitching for Florida State University Seminoles : RHP Heraclio Sosa
|
|
Batting: LHB Dean Bloemendal
|
0-0: Called Strike 0-1: Foul Ball, location: 2F 0-2: Strikes out swinging
|
|
Batting: RHB Omar Amaya
|
0-0: Foul Ball, location: 2F 0-1: Called Strike 0-2: Fly out, F6 (Popup, 6, EV 62.5 MPH)
|
|
Batting: RHB Ramiro Vega
|
0-0: Ball 1-0: Ball 2-0: Ball 3-0: Called Strike 3-1: Base on Balls
|
|
Batting: SHB Mike Garvey
|
0-0: Called Strike 0-1: Foul Ball, location: 2F 0-2: Strikes out swinging
|
| Bottom of the 2nd over - 0 runs, 0 hits, 0 errors, 1 left on base; Florida State University 1 - University of Minnesota 0 |
| TOP OF THE 3RD |
|
Florida State University Seminoles batting - Pitching for University of Minnesota Golden Gophers : RHP Getachew El Sayed
|
|
Batting: RHB Paul Holland
|
0-0: Foul Ball, location: 2F 0-1: Ground out 6-3 (Groundball, 6, EV 105.0 MPH)
|
|
Batting: LHB Raul Maldonado
|
0-0: Fly out, F4 (Flyball, 3D, EV 97.5 MPH)
|
|
Batting: RHB Lupe Barrera
|
0-0: Fly out, F7 (Line Drive, 7, EV 88.1 MPH)
|
| Top of the 3rd over - 0 runs, 0 hits, 0 errors, 0 left on base; Florida State University 1 - University of Minnesota 0 |
| BOTTOM OF THE 3RD |
|
University of Minnesota Golden Gophers batting - Pitching for Florida State University Seminoles : RHP Heraclio Sosa
|
|
Batting: RHB David Gomez
|
0-0: Ball 1-0: SINGLE (Flyball, 56D, EV 95.6 MPH)
|
|
Batting: RHB Benjie Alejandro
|
0-0: Called Strike 0-1: Foul Ball, location: 2F 0-2: Foul Ball, location: 2F 0-2: Strikes out swinging
|
|
Batting: LHB Yomas Rodriguez
|
0-0: Ball 1-0: Ball 2-0: Foul Ball, location: 2F 2-1: Fly out, F9 (Flyball, 89D, EV 106.2 MPH)
|
|
Batting: RHB Eric Tesler
|
0-0: Called Strike 0-1: Ball 1-1: Called Strike 1-2: Fly out, F6 (Line Drive, 6, EV 71.2 MPH)
|
| Bottom of the 3rd over - 0 runs, 1 hit, 0 errors, 1 left on base; Florida State University 1 - University of Minnesota 0 |
| TOP OF THE 4TH |
|
Florida State University Seminoles batting - Pitching for University of Minnesota Golden Gophers : RHP Getachew El Sayed
|
|
Batting: RHB Rafael Gil
|
0-0: Called Strike 0-1: Ball 1-1: Foul Ball, location: 2F 1-2: Ball 2-2: Strikes out swinging
|
|
Batting: RHB Brad Brady
|
0-0: Called Strike 0-1: Foul Ball, location: 2F 0-2: SINGLE (Groundball, 6MD, EV 97.5 MPH)
|
|
Batting: SHB Ed Mosqueda
|
0-0: Ball 1-0: Fly out, F6 (Flyball, 56D, EV 86.2 MPH)
|
|
Batting: RHB Jeremy Buck
|
0-0: Ball 1-0: Called Strike 1-1: Foul Ball, location: 2F 1-2: Ball 2-2: Strikes out swinging
|
| Top of the 4th over - 0 runs, 1 hit, 0 errors, 1 left on base; Florida State University 1 - University of Minnesota 0 |
| BOTTOM OF THE 4TH |
|
University of Minnesota Golden Gophers batting - Pitching for Florida State University Seminoles : RHP Heraclio Sosa
|
|
Batting: LHB Shohei Nishi
|
0-0: Ball 1-0: Called Strike 1-1: Foul Ball, location: 2F 1-2: Ball 2-2: Foul Ball, location: 2F 2-2: SINGLE (Groundball, 4MD, EV 98.1 MPH)
|
|
Batting: LHB Dean Bloemendal
|
0-0: Called Strike 0-1: Ball 1-1: Ball 2-1: Ball Wild Pitch! Shohei Nishi to second 3-1: Foul Ball, location: 2F 3-2: Foul Ball, location: 2F 3-2: Foul Ball, location: 2F 3-2: Foul Ball, location: 2F 3-2: Base on Balls
|
|
Batting: RHB Omar Amaya
|
0-0: Ball 1-0: Ball 2-0: Swinging Strike 2-1: Ball 3-1: Grounds into double play, 4-6-3 (Groundball, 4M, EV 83.1 MPH) Shohei Nishi to third
|
|
Batting: RHB Ramiro Vega
|
0-0: Ball 1-0: Foul Ball, location: 2F 1-1: Ball 2-1: Foul Ball, location: 2F 2-2: Ball 3-2: SINGLE (Flyball, 9LS, EV 92.5 MPH) Shohei Nishi scores
|
|
Batting: SHB Mike Garvey
|
0-0: Ball 1-0: Foul Ball, location: 2F 1-1: Foul Ball, location: 2F 1-2: Ball 2-2: Foul Ball, location: 2F 2-2: Strikes out swinging
|
| Bottom of the 4th over - 1 run, 2 hits, 0 errors, 1 left on base; Florida State University 1 - University of Minnesota 1 |
| TOP OF THE 5TH |
|
Florida State University Seminoles batting - Pitching for University of Minnesota Golden Gophers : RHP Getachew El Sayed
|
|
Batting: SHB Alex Noval
|
0-0: Ball 1-0: Foul Ball, location: 2F 1-1: Swinging Strike 1-2: Strikes out swinging
|
|
Batting: RHB Bob Buckler
|
0-0: Called Strike 0-1: Ball 1-1: Called Strike 1-2: Foul Ball, location: 2F 1-2: Strikes out swinging
|
|
Batting: RHB Paul Holland
|
0-0: Fly out, F8 (Flyball, 8LD, EV 100.6 MPH)
|
| Top of the 5th over - 0 runs, 0 hits, 0 errors, 0 left on base; Florida State University 1 - University of Minnesota 1 |
| BOTTOM OF THE 5TH |
|
University of Minnesota Golden Gophers batting - Pitching for Florida State University Seminoles : RHP Heraclio Sosa
|
|
Batting: RHB David Gomez
|
0-0: Called Strike 0-1: Ball 1-1: Foul Ball, location: 2F 1-2: Fly out, F9 (Flyball, 9LM, EV 91.9 MPH)
|
|
Batting: RHB Benjie Alejandro
|
0-0: Called Strike 0-1: Fly out, F8 (Flyball, 8RD, EV 80.0 MPH)
|
|
Batting: LHB Yomas Rodriguez
|
0-0: Ball 1-0: SOLO HOME RUN (Flyball, 89XD, EV 100.0 MPH), Distance : 399 ft
|
|
Batting: RHB Eric Tesler
|
0-0: Called Strike 0-1: Swinging Strike 0-2: Ball 1-2: Strikes out swinging
|
| Bottom of the 5th over - 1 run, 1 hit, 0 errors, 0 left on base; Florida State University 1 - University of Minnesota 2 |
| TOP OF THE 6TH |
|
Florida State University Seminoles batting - Pitching for University of Minnesota Golden Gophers : RHP Getachew El Sayed
|
|
Batting: LHB Raul Maldonado
|
0-0: Ball 1-0: Ball 2-0: Called Strike 2-1: Ball 3-1: Foul Ball, location: 2F 3-2: Strikes out swinging
|
|
Batting: RHB Lupe Barrera
|
0-0: Fly out, F8 (Flyball, 8LD, EV 101.2 MPH)
|
|
Batting: RHB Rafael Gil
|
0-0: Ball 1-0: Ball 2-0: Swinging Strike 2-1: Swinging Strike 2-2: Ball 3-2: Foul Ball, location: 2F 3-2: Foul Ball, location: 2F 3-2: Base on Balls
|
|
Pitching: RHP Keith Birely
|
|
|
Batting: RHB Brad Brady
|
Balk! Rafael Gil to second 0-0: Foul Ball, location: 2F 0-1: Ball 1-1: Ball 2-1: Ball 3-1: Ground out 6-3 (Groundball, 6, EV 83.1 MPH)
|
| Top of the 6th over - 0 runs, 0 hits, 0 errors, 1 left on base; Florida State University 1 - University of Minnesota 2 |
| BOTTOM OF THE 6TH |
|
University of Minnesota Golden Gophers batting - Pitching for Florida State University Seminoles : RHP Heraclio Sosa
|
|
Pitching: RHP Bobby Altamirano
|
|
|
Batting: LHB Shohei Nishi
|
0-0: Swinging Strike 0-1: Called Strike 0-2: Foul Ball, location: 2F 0-2: Ball 1-2: Strikes out swinging
|
|
Batting: LHB Dean Bloemendal
|
0-0: Foul Ball, location: 2F 0-1: Ball 1-1: Foul Ball, location: 2F 1-2: Ball 2-2: Foul Ball, location: 2F 2-2: Foul Ball, location: 2F 2-2: Ball 3-2: Strikes out swinging
|
|
Batting: RHB Omar Amaya
|
0-0: Ground out 4-3 (Groundball, 4S, EV 83.8 MPH)
|
| Bottom of the 6th over - 0 runs, 0 hits, 0 errors, 0 left on base; Florida State University 1 - University of Minnesota 2 |
| TOP OF THE 7TH |
|
Florida State University Seminoles batting - Pitching for University of Minnesota Golden Gophers : RHP Keith Birely
|
|
Batting: SHB Ed Mosqueda
|
0-0: Called Strike 0-1: SINGLE (Groundball, 4MS, EV 74.4 MPH) (infield hit)
|
|
Pinch Hitting: RHB Bill Nguyen-Tan
|
0-0: Ball 1-0: Called Strike 1-1: Ball 2-1: Foul Ball, location: 2F 2-2: Strikes out swinging
|
|
Pinch Hitting: RHB Israel Quinteros
|
0-0: Foul Ball, location: 2F 0-1: Ball 1-1: Swinging Strike 1-2: Ball 2-2: Ball 3-2: Strikes out looking
|
|
Batting: RHB Bob Buckler
|
0-0: Ball 1-0: Ball 2-0: Called Strike 2-1: Ball 3-1: Base on Balls Ed Mosqueda to second
|
|
Pinch Hitting: RHB Sal Guzman
|
0-0: Ball 1-0: SINGLE (Groundball, 56S, EV 73.1 MPH) (infield hit) Ed Mosqueda to third Bob Buckler to second
|
|
Batting: LHB Raul Maldonado
|
0-0: Ball 1-0: Called Strike 1-1: Ball 2-1: Ball 3-1: Fly out, F8 (Line Drive, 8LM, EV 102.5 MPH)
|
| Top of the 7th over - 0 runs, 2 hits, 0 errors, 3 left on base; Florida State University 1 - University of Minnesota 2 |
| BOTTOM OF THE 7TH |
|
University of Minnesota Golden Gophers batting - Pitching for Florida State University Seminoles : RHP Bobby Altamirano
|
|
Now at 1B: Sal Guzman
|
|
|
Now at SS: Efrain Cedeno
|
|
|
Now in CF: Joy-shan Li
|
|
|
Batting: RHB Ramiro Vega
|
0-0: Foul Ball, location: 2F 0-1: Ball 1-1: Ball 2-1: Foul Ball, location: 2F 2-2: Ball 3-2: Base on Balls
|
|
Batting: SHB Mike Garvey
|
0-0: Ball 1-0: Ball 2-0: Called Strike 2-1: Called Strike 2-2: Strikes out looking
|
|
Batting: RHB Luis Monita
|
0-0: Swinging Strike 0-1: Ball 1-1: Ball 2-1: Foul Ball, location: 2F 2-2: Strikes out looking
|
|
Batting: RHB Benjie Alejandro
|
0-0: SINGLE (Line Drive, 89S, EV 111.2 MPH) Ramiro Vega to second
|
|
Batting: LHB Yomas Rodriguez
|
0-0: Foul Ball, location: 2F 0-1: Foul Ball, location: 2F 0-2: Ball 1-2: Strikes out swinging
|
| Bottom of the 7th over - 0 runs, 1 hit, 0 errors, 2 left on base; Florida State University 1 - University of Minnesota 2 |
| TOP OF THE 8TH |
|
Florida State University Seminoles batting - Pitching for University of Minnesota Golden Gophers : RHP Keith Birely
|
|
Pitching: RHP Josh Wellman
|
|
|
Batting: RHB Lupe Barrera
|
0-0: Ball 1-0: Ball 2-0: Ball 3-0: Base on Balls
|
|
Pinch Hitting: LHB Bill Girton
|
0-0: Called Strike 0-1: Swinging Strike 0-2: Foul Ball, location: 2F 0-2: Strikes out looking
|
|
Batting: RHB Brad Brady
|
0-0: Ball 1-0: Ball 2-0: Called Strike 2-1: Foul Ball, location: 2F 2-2: Foul Ball, location: 2F 2-2: Ball 3-2: Foul Ball, location: 2F 3-2: Foul Ball, location: 2F 3-2: Base on Balls Lupe Barrera to second
|
|
Pinch Hitting: RHB Mark Conrad
|
0-0: Ball 1-0: DOUBLE (Groundball, 5L, EV 96.9 MPH) Lupe Barrera scores Brad Brady to third Runner from 3rd tries for Home, SAFE, throw by LF to home
|
|
Batting: RHB Efrain Cedeno
|
0-0: Intentional Walk
|
|
Batting: RHB Joy-shan Li
|
0-0: Foul Ball, location: 2F 0-1: Ball 1-1: Foul Ball, location: 2F 1-2: Ball 2-2: Foul Ball, location: 2F 2-2: Foul Ball, location: 2F 2-2: Foul Ball, location: 2F 2-2: Foul Ball, location: 2F 2-2: Ball 3-2: Fielders Choice at 2nd, 5-4 (Groundball, 56, EV 80.0 MPH) Mark Conrad to third
|
|
Batting: RHB Bob Buckler
|
0-0: Reached on error, E6 (Groundball, 6, EV 80.6 MPH) Mark Conrad scores Joy-shan Li to second
|
|
Batting: RHB Sal Guzman
|
0-0: Foul Ball, location: 2F 0-1: Called Strike 0-2: Ball 1-2: Ball 2-2: Strikes out swinging
|
| Top of the 8th over - 3 runs, 1 hit, 1 error, 2 left on base; Florida State University 4 - University of Minnesota 2 |
| BOTTOM OF THE 8TH |
|
University of Minnesota Golden Gophers batting - Pitching for Florida State University Seminoles : RHP Bobby Altamirano
|
|
Pitching: RHP Brandon Isabell
|
|
|
Now at 2B: Mark Conrad
|
|
|
Now in LF: Bill Girton
|
|
|
Pinch Hitting: RHB Rafael Porter
|
0-0: Ball 1-0: Foul Ball, location: 2F 1-1: Fly out, F8 (Line Drive, 8RM, EV 86.9 MPH)
|
|
Batting: LHB Shohei Nishi
|
0-0: Foul Ball, location: 2F 0-1: Ball 1-1: Called Strike 1-2: Ball 2-2: Foul Ball, location: 2F 2-2: Ball 3-2: TRIPLE (Line Drive, 7D, EV 101.2 MPH)
|
|
Batting: LHB Dean Bloemendal
|
0-0: Called Strike 0-1: Ball 1-1: Called Strike 1-2: Ball 2-2: Ball 3-2: Strikes out looking
|
|
Batting: RHB Omar Amaya
|
0-0: Ball 1-0: Called Strike 1-1: Ground out 6-3 (Groundball, 6, EV 80.6 MPH)
|
| Bottom of the 8th over - 0 runs, 1 hit, 0 errors, 1 left on base; Florida State University 4 - University of Minnesota 2 |
| TOP OF THE 9TH |
|
Florida State University Seminoles batting - Pitching for University of Minnesota Golden Gophers : RHP Josh Wellman
|
|
Pitching: LHP Kirk Davidson
|
|
|
Now at SS: Rodolfo Cosme
|
|
|
Batting: LHB Raul Maldonado
|
0-0: Swinging Strike 0-1: Ball 1-1: Foul Ball, location: 2F 1-2: Strikes out looking
|
|
Batting: RHB Lupe Barrera
|
0-0: Ball 1-0: Ball 2-0: Fly out, F7 (Flyball, 78XD, EV 105.0 MPH)
|
|
Pinch Hitting: RHB Daniel Pena
|
0-0: Called Strike 0-1: Fly out, F4 (Popup, 34S, EV 78.1 MPH)
|
| Top of the 9th over - 0 runs, 0 hits, 0 errors, 0 left on base; Florida State University 4 - University of Minnesota 2 |
| BOTTOM OF THE 9TH |
|
University of Minnesota Golden Gophers batting - Pitching for Florida State University Seminoles : RHP Brandon Isabell
|
|
Pitching: LHP Christian Rogers
|
|
|
Now at 1B: Jai-guo Bian
|
|
|
Now in LF: Daniel Pena
|
|
|
Batting: RHB Ramiro Vega
|
0-0: Ball 1-0: Ball 2-0: Foul Ball, location: 2F 2-1: Foul Ball, location: 2F 2-2: Strikes out swinging
|
|
Batting: SHB Mike Garvey
|
0-0: Called Strike 0-1: Ground out 6-3 (Groundball, 6, EV 103.1 MPH)
|
|
Batting: RHB Luis Monita
|
0-0: Called Strike 0-1: Ball 1-1: Swinging Strike 1-2: Ball 2-2: Foul Ball, location: 2F 2-2: Ground out 5-3 (Groundball, 56S, EV 88.8 MPH)
|
| Bottom of the 9th over - 0 runs, 0 hits, 0 errors, 0 left on base; Florida State University 4 - University of Minnesota 2 |
|